 Dungeon Crawl Stone Soup version 0.29-a0-409-gd843f3a48c (webtiles) character file.

Game seed: 1564361389978283215

701 spaghetti the Magician (level 7, 0/52 HPs)
             Began as a Demonspawn Delver on May 13, 2022.
             Splashed by a jelly's acid (8 damage)
             ... on level 5 of the Dungeon.
             The game lasted 00:04:20 (2595 turns).

spaghetti the Magician (Demonspawn Delver)          Turns: 2595, Time: 00:04:21

Health: 0/52       AC: -7    Str: 13    XL:     7   Next: 38%
Magic:  17/17      EV: 11    Int: 13    God:
Gold:   110        SH:  0    Dex: 14    Spells: 19/19 levels left

rFire   . . .      SeeInvis .   f - +3 short sword {short}
rCold   . . .      Faith    .   (no shield)
rNeg    . . .      Spirit   .   b - +0 leather armour
rPois   .          Reflect  .   (helmet restricted)
rElec   .          Harm     .   (no cloak)
rCorr   .          Rampage  .   (no gloves)
Will    .....                   (no boots)
Stlth   +++.......              (no amulet)
HPRegen 0.17/turn               (no ring)
MPRegen 0.15/turn               (no ring)

@: corroded
A: antennae 1, icy blue scales 1, powered by death 1
a: no special abilities


You were on level 5 of the Dungeon.
You visited 1 branch of the dungeon, and saw 4 of its levels.

You collected 110 gold pieces.


Innate Abilities, Weirdness & Mutations

You have a pair of small antennae on your head.
You are partially covered in icy blue scales. (AC +2)
You regenerate a little health from kills.


   Skills:
 - Level 3.0 Fighting
 - Level 1.7 Short Blades
 - Level 1.7 Dodging
 - Level 5.4 Stealth
 + Level 6.8 Spellcasting


You had 19 spell levels left.
You didn't know any spells.
Your spell library contained the following spells:

 Spells                   Type           Power      Damage    Failure   Level
 Corpse Rot               Necr/Air       8%         N/A       30%         2
 Poisonous Vapours        Pois/Air       8%         N/A       30%         2
 Malign Gateway           Summ/Tloc      2%         N/A       100%        7
 Summon Horrible Things   Summ           2%         N/A       100%        8

Inventory:

Hand Weapons
 a - a +0 short sword {short}
 e - a +0 whip of flaming {mace}
   (You took it off Pikel on level 4 of the Dungeon)
 f - a +3 short sword (weapon) {short}
   (You took it off a kobold on level 4 of the Dungeon)
Missiles
 h - 4 poisoned darts {throwing}
 j - 66 stones (quivered) {throwing}
Armour
 b - a +0 leather armour (worn)
Magical Staves
 k - a staff of death {!astaff}
   (You found it on level 5 of the Dungeon)
Jewellery
 i - a ring of flight
   (You took it off an orc on level 5 of the Dungeon)
Wands
 g - a wand of digging (3)
Scrolls
 c - a scroll of fog
 d - a scroll of magic mapping {!r}

Dungeon Overview and Level Annotations

Branches:
Dungeon (6/15)
 Temple: D:4-7

Altars:
Okawaru

##...##.....##.###.#####.#
#...#..#....##J###.......#
#..#....#................#
#.#......#..##.###.#####.#
##
#...†....##..>###.#####.###)
###########.####...##.......
#.# #.#..........# #J#
##.#.##)#.##.# #@#
##.###.#.##.. #.# ###
#)#..... #.# #.###### #.#
#.# ..# #.# ### #.# #.. ###


You could see a jelly.


Message History

You regained 3 hp, and now have 48/52 hp.
Things that are here:
a dart slug corpse; a hound corpse; 😕 HP[+1]
A jelly comes into view. 😎 HP[+3]
Your hp is fully restored (52).
A jelly is nearby!
A jelly is nearby!
A jelly is nearby!
There is a stone staircase leading down here.
You climb downwards.
There is a stone staircase leading up here.
Unknown command.
Unknown command.
The orc closely misses you.
The orc warrior shouts!
The orc shouts!
The orc closely misses you. The orc attacks as you move away!
The orc hits you but does no damage. The orc closely misses you.
There is a stone staircase leading up here.
The orc hits you but does no damage.
You climb upwards.
There is a stone staircase leading down here.
Unknown command.
Unknown command.
The orc hits you with a +0 dagger. 😕 HP[-2]
You take 2 damage, and now have 50/52 hp. 😕 HP[+1]
The orc attacks as you move away! The orc closely misses you.
The orc attacks as you move away! The orc closely misses you.
You aren't carrying any potions.
Okay, then.
You barely miss the orc.
The orc hits you with a +0 dagger. 😕 HP[-2]
You take 2 damage, and now have 49/52 hp.
You hit the orc. The orc completely misses you.
You closely miss the orc.
The orc hits you but does no damage. 😕 HP[+1]
You hit the orc.
You kill the orc! 😕 HP[+1]
You hit the jelly.
Your hands burn!
The jelly barely misses you. 😕 HP[-1]
You take 1 damage, and now have 50/52 hp.
You hit the jelly. The acid corrodes you!
Your hands burn!
The jelly hits you.
You are splashed with acid! 😕 HP[-9]
You take 9 damage, and now have 41/52 hp.
You hit the jelly. The acid corrodes you!
Your hands burn!
The jelly barely misses you.
Unknown command.
Unknown command.
You hit the jelly.
Your hands burn!
The jelly barely misses you. 😕 HP[-1]
You take 1 damage, and now have 40/52 hp.
You hit the jelly but do no damage.
Your hands burn!
The jelly barely misses you. 😮 HP[-4]
You take 4 damage, and now have 36/52 hp.
Unknown command.
Unknown command.
You hit the jelly but do no damage.
Your hands burn!
The jelly barely misses you. 😮 HP[-2]
You take 2 damage, and now have 34/52 hp.
You barely miss the jelly. The jelly hits you.
You are splashed with acid!
* * * LOW HITPOINT WARNING * * *
😨 HP[-12]
You take 12 damage, and now have 22/52 hp.
MASSIVE DAMAGE!! (PAUSE) Unknown command.
Unknown command.
You hit the jelly.
Your hands burn!
* * * LOW HITPOINT WARNING * * *
The jelly hits you.
* * * LOW HITPOINT WARNING * * *
You are splashed with acid!
* * * LOW HITPOINT WARNING * * *
😱 HP[-10]
You take 10 damage, and now have 12/52 hp.
Unknown command.
Unknown command.
Okay, then.
Throw: 5 darts (poison) {throwing}
Press: ? - help, Shift-Dir - straight line, f - jelly
Aim: a jelly (heavily wounded, 89% to hit)
You throw a poisoned dart {throwing}.
The poisoned dart {throwing} hits the jelly.
The jelly closely misses you.
Okay, then.
You aren't carrying any potions.
Unknown command.
Okay, then.
You hit the jelly but do no damage. The acid corrodes you!
Your hands burn!
* * * LOW HITPOINT WARNING * * *
The jelly hits you.
* * * LOW HITPOINT WARNING * * *
You are splashed with acid!
You die...

Skill      XL: |  1  2  3  4  5 |
---------------+----------------+-----
Stealth        | 5 |  5.4
Spellcasting   | 2 3 6 |  6.8
Fighting       | |  3.0
Short Blades   | |  1.7
Dodging        | |  1.7

Action                   |  1- 3 |  4- 6 |  7- 9 || total
-------------------------+-------+-------+-------++-------
Melee: Short sword       |    10 |    51 |    52 ||   113
Throw: Stone             |       |       |    11 ||    11
       Dart              |       |       |     1 ||     1
Evoke: Wand              |     4 |     6 |       ||    10
  Use: Potion            |     2 |     2 |       ||     4
       Scroll            |       |     3 |       ||     3
 Stab: Sleeping          |     4 |     4 |       ||     8
Armor: Leather armour    |     1 |     8 |    10 ||    19
Dodge: Dodged            |     2 |    15 |    22 ||    39

Levels and vault maps discovered:
D:3:      layout_basic, marbit_many_paths, minmay_misc_feat_encased,
          uniq_jessica
D:4:      nicolae_cairo_tiling, layout_loops_corners,
          kennysheep_okawaru_gauntlet
D:5:      layout_loops_ring, minmay_temple_entry_poolview, minivault_25,
          ldierk_geyser, hangedman_decor_slide_cut, grunt_decor_mini_mirrors,
          uniq_duvessa, uniq_blork_the_orc, uniq_pikel
D:6:      layout_cave_pools, mainiacjoe_overflow_swirl, serial_shops, shop,
          shop_statue, shop, ebering_ghost_inner_flame

Notes
Turn   | Place    | Note
-------+----------+-------------------------------------------
     0 | D:5      | spaghetti the Demonspawn Delver began the quest for the
                  | Orb.
     0 | D:5      | Reached XP level 1. HP: 18/18 MP: 1/1
     0 | D:5      | magus.rc [v1.9.6]
    50 | D:5      | You add the spells Malign Gateway and Summon Horrible
                  | Things to your library.
    60 | D:5      | Noticed a lemure
    61 | D:5      | Noticed a lemure
   183 | D:3      | Noticed Jessica
   184 | D:3      | Killed Jessica
   185 | D:3      | Reached skill level 5 in Stealth
   185 | D:3      | Gained mutation: You have a pair of small antennae on your
                  | head. [demonic ancestry]
   185 | D:3      | Reached XP level 2. HP: 24/24 MP: 2/2
   191 | D:3      | Reached XP level 3. HP: 29/29 MP: 3/3
   445 | D:4      | Reached skill level 1 in Spellcasting
   447 | D:4      | Reached skill level 2 in Spellcasting
   447 | D:4      | Gained mutation: You regenerate a little health from kills.
                  | [demonic ancestry]
   447 | D:4      | Reached XP level 4. HP: 35/35 MP: 4/7
   464 | D:4      | HP: 4/35 [orc wizard/magic dart (5)]
   469 | D:4      | Reached skill level 3 in Spellcasting
   470 | D:4      | Reached XP level 5. HP: 7/41 MP: 6/9
  1155 | D:4      | You pick up a book of Vapours and begin reading...
  1155 | D:4      | You add the spells Poisonous Vapours and Corpse Rot to your
                  | library.
  1204 | D:4      | Found an iron altar of Okawaru.
  1634 | D:5      | Noticed Pikel
  1639 | D:5      | Noticed a lemure
  1647 | D:5      | HP: 8/41 [Pikel/+0 whip of flaming (3)]
  1673 | D:4      | HP: 9/41 [Pikel/+0 whip of flaming (2)]
  1674 | D:4      | HP: 3/41 [Pikel/+0 whip of flaming (6)]
  1674 | D:4      | HP: 1/41 [Pikel/+0 whip of flaming (2)]
  1676 | D:4      | Killed Pikel
  1677 | D:4      | Reached skill level 6 in Spellcasting
  1677 | D:4      | Gained mutation: You are partially covered in icy blue
                  | scales. (AC +2) [demonic ancestry]
  1677 | D:4      | Reached XP level 6. HP: 2/47 MP: 11/15
  1677 | D:4      | Reached XP level 7. HP: 3/52 MP: 11/16
  2223 | D:5      | HP: 6/52 [iguana (9)]
  2593 | D:5      | HP: 12/52 [acid (7)]
  2595 | D:5      | Splashed by a jelly's acid

Vanquished Creatures
  Pikel (D:4)
  An orc priest (D:4)
  A hound (D:5)
  An iguana (D:5)
  Jessica (D:3)
  3 orc wizards
  An adder (D:3)
  2 worms
  A dart slug (D:5)
  6 orcs
  2 endoplasms (D:3)
  2 goblins (D:4)
  A hobgoblin (D:4)
  3 kobolds (D:4)
  A quokka (D:4)
27 creatures vanquished.

Vanquished Creatures (others)
  An orc wizard (D:4)
1 creature vanquished.

Grand Total: 28 creatures vanquished

Table legend:
 A = Non-vault XP
 B = Vault XP
 C = Vault XP percentage of total XP
 D = Non-vault monster count
 E = Vault monster count
 F = Vault count percentage of total count
                 A         B        C        D         E       F
            +---------+---------+-------+---------+---------+-------
      Total |     310 |     692 |  69.1 |      24 |       4 |  14.3
            +---------+---------+-------+---------+---------+-------
        D:3 |      17 |      37 |  68.5 |       3 |       1 |  25.0
        D:4 |     155 |     655 |  80.9 |      11 |       3 |  21.4
        D:5 |     138 |       0 |   0.0 |      10 |       0 |   0.0
            +---------+---------+-------+---------+---------+-------

Illustrated notes

Table legend:
 A = Kills in this place as a percentage of kills in entire the game.
 B = Kills by you in this place as a percentage of kills by you in the entire game.
 C = Kills by friends in this place as a percentage of kills by friends in the entire game.
 D = Other kills in this place as a percentage of other kills in the entire game.
 E = Experience gained in this place as a percentage of experience gained in the entire game.
 F = Experience gained in this place divided by the number of levels of this place that you have seen.
                   A       B       C       D       E      F
               +-------+-------+-------+-------+-------+----------------------
         Total | 100.0 | 100.0 |   N/A | 100.0 | 100.0 | 250.5
       Dungeon | 100.0 | 100.0 |   N/A | 100.0 | 100.0 | 250.5
               +-------+-------+-------+-------+-------+----------------------

Table legend: (Time is in decaauts)
 A = Elapsed time spent in this place.
 B = Non-inter-level travel time spent in this place.
 C = Inter-level travel time spent in this place.
 D = Time resting spent in this place.
 E = Time spent auto-exploring this place.
 F = Levels seen in this place.
 G = Mean time per level.
                   A        B        C        D        E       F      G
               +--------+--------+--------+--------+--------+-----+--------+
         Total |   2580 |   2553 |     27 |    412 |   1816 |   4 |  645.0 |
       Dungeon |   2580 |   2553 |     27 |    412 |   1816 |   4 |  645.0 |
               +--------+--------+--------+--------+--------+-----+--------+

Top non-repeatable levels by time:
     D:4: 1489 daAuts
     D:5: 900 daAuts
     D:3: 182 daAuts
     D:6: 7 daAuts
